 Dungeon Crawl Stone Soup version 0.27-a0-920-gb2bd10914a (webtiles) character file.

Game seed: 2288565007333871943

148 leviel the Shield-Bearer (level 5, -1/46 HPs)
             Began as a Hill Orc Fighter on Apr 10, 2021.
             Slain by an orc wizard
             ... wielding a +0 dagger
              (2 damage)
             ... on level 3 of the Dungeon.
             The game lasted 00:02:34 (2749 turns).

leviel the Shield-Bearer (Hill Orc Fighter)         Turns: 2749, Time: 00:02:35

Health: -1/46      AC:  7    Str: 20    XL:     5   Next: 30%
Magic:  5/5        EV:  7    Int:  8    God:
Gold:   150        SH:  9    Dex: 10    Spells: 4/4 levels left

rFire    . . .     SeeInvis .   a - +0 war axe
rCold    . . .     Faith    .   c - +0 kite shield
rNeg     . . .     Spirit   .   b - +0 scale mail
rPois    .         Reflect  .   (no helmet)
rElec    .         Harm     .   (no cloak)
rCorr    .         Rampage  .   (no gloves)
Will     .....                  (no boots)
Stlth    ..........             (no amulet)
HPRegen  0.15/turn              (no ring)
MPRegen  0.09/turn              (no ring)

@: no status effects
A: no striking features
a: no special abilities


You were on level 3 of the Dungeon.
You visited 1 branch of the dungeon, and saw 3 of its levels.

You collected 150 gold pieces.

Inventory:

Hand Weapons
 a - a +0 war axe (weapon)
Armour
 b - a +0 scale mail (worn)
 c - a +0 kite shield (worn)
Jewellery
 g - a ring of poison resistance
Scrolls
 d - a scroll of identify {unknown}
 e - 3 scrolls of teleportation {unknown}
 h - 2 scrolls of amnesia {unknown}
 k - a scroll of enchant weapon {unknown}
Potions
 f - a potion of mutation {unknown}
 i - a potion of curing {unknown}
 j - a potion of heal wounds {unknown}


   Skills:
 + Level 4.1 Fighting
 + Level 4.3 Axes
 + Level 4.3 Armour
 + Level 0.7 Dodging
 + Level 4.3 Shields


You had 4 spell levels left.
You didn't know any spells.
Your spell library contained the following spells:

 Spells                   Type           Power      Damage    Failure   Level
 Confusing Touch          Hex            0%         N/A       100%        3
 Gell's Gravitas          Tloc           0%         N/A       100%        3
 Petrify                  Tmut/Erth      0%         N/A       100%        4
 Metabolic Englaciation   Hex/Ice        0%         N/A       100%        5
 Yara's Violent Unravell  Hex/Tmut       0%         3d3       100%        5


Dungeon Overview and Level Annotations

Branches:
Dungeon (3/15)

Altars:
Sif Muna


Message History

The magic dart hits you.
You feel less confused.
You open the door.
You hear some strange, mumbled words.
There is an open door here.
There is an open door here.
You closely miss something. Something hits you.
You hear some strange, mumbled words.
Something tries to affect you, but you resist.
You barely miss something. Something hits you but does no damage.
You miss something. You block something's attack. Something hits you.
You closely miss something. Something completely misses you.
Your shield and scale mail prevent you from hitting something.
Something hits you. x2
You barely miss something.
You hear some strange, mumbled words.
Something tries to affect you, but you resist.
You miss something. Something hits you. Something hits you but does no damage.
You barely miss something. Something hits you.
* * * LOW HITPOINT WARNING * * *
Your shield prevents you from hitting something.
Something hits you.
* * * LOW HITPOINT WARNING * * *
You block something's attack.
You hit something.
You hear some strange, mumbled words.
Something tries to affect you, but you resist.
You hit something but do no damage.
An orc wizard appears from thin air!
Reactivating autopickup.
You hear some strange, mumbled words.
Deactivating autopickup; reactivate with Ctrl-A.
Something tries to affect you, but you resist.
You hear some strange, mumbled words.
A magic dart appears from out of thin air!
The magic dart hits you!
* * * LOW HITPOINT WARNING * * *
You closely miss something. Something hits you.
* * * LOW HITPOINT WARNING * * *
You miss something. Something hits you.
You die...

......#### ##.......#
##.############# ...#.. ... ....
### ...#.####.# #.#### #..
...#.#..#.# +.'..# #.#
...#.#..#.# #.#..# # #..
...#.##'#.##+#.##'#.##+#. #.#
.#.#..........o{@))...... #.#
.#.#.##'#.##+#.##'#.##+#. #.#
##.#.#..#.#..#.#..#.# #.#
##.#)#..+.'..#.#$.+ + #.#
##.#.####.####.####.# #.#
##.#.................. #..
#..#.################# ######..
...#..........############.......
##.#.............................


You could see an orc wizard.

Vanquished Creatures
  A jelly (D:2)
  5 adders (D:2)
  A gnoll (D:2)
  A shadow imp (D:2)
  A worm (D:3)
  3 dart slugs
  3 orcs (D:3)
  5 endoplasms
  A giant cockroach (D:2)
  4 goblins
  4 hobgoblins
  2 jackals (D:2)
  A quokka (D:3)
  A ball python (D:3)
  8 bats
  3 frilled lizards
  3 kobolds
  3 rats
  A bush (D:3)
51 creatures vanquished.

Notes
Turn   | Place    | Note
-------+----------+-------------------------------------------
     0 | D:1      | leviel the Hill Orc Fighter began the quest for the Orb.
     0 | D:1      | Reached XP level 1. HP: 19/19 MP: 1/1
   204 | D:1      | Reached XP level 2. HP: 25/27 MP: 2/2
   769 | D:2      | Reached XP level 3. HP: 9/33 MP: 3/3
  1183 | D:2      | Reached XP level 4. HP: 31/40 MP: 4/4
  1712 | D:2      | Reached XP level 5. HP: 46/46 MP: 5/5
  2128 | D:3      | Found a shimmering blue altar of Sif Muna.
  2748 | D:3      | HP: 1/46 [something (3)]
  2749 | D:3      | Slain by an orc wizard

Illustrated notes

Levels and vault maps discovered:
D:1:      heliophobic_arrival_henge, layout_loops_ring
D:2:      layout_loops_ring, cheibrodos_gnoll_hut
D:3:      minmay_door_path, layout_rooms, amcnicky_altar_gilded,
          gammafunk_temple_overflow_wave, basic_ecumenical_altar,
          minmay_hedge_maze, uniq_jessica

Skill      XL: |  1  2  3  4 |
---------------+-------------+-----
Axes           | 3 4 |  4.3
Armour         | 4 |  4.3
Shields        | 4 |  4.3
Fighting       | 4 |  4.1
Dodging        | |  0.7

Action                   |  1- 3 |  4- 6 || total
-------------------------+-------+-------++-------
Melee: War axe           |    60 |   181 ||   241
  Use: Potion            |     1 |       ||     1
Armor: Scale mail        |    24 |    70 ||    94
Dodge: Dodged            |    20 |    45 ||    65
Block: Kite shield       |    34 |    74 ||   108

Table legend: (Time is in decaauts)
 A = Elapsed time spent in this place.
 B = Non-inter-level travel time spent in this place.
 C = Inter-level travel time spent in this place.
 D = Time resting spent in this place.
 E = Time spent auto-exploring this place.
 F = Levels seen in this place.
 G = Mean time per level.
                   A        B        C        D        E       F      G
               +--------+--------+--------+--------+--------+-----+--------+
         Total |   2873 |   2772 |    101 |    326 |   1931 |   3 |  957.7 |
       Dungeon |   2873 |   2772 |    101 |    326 |   1931 |   3 |  957.7 |
               +--------+--------+--------+--------+--------+-----+--------+

Top non-repeatable levels by time:
     D:2: 1499 daAuts
     D:1: 698 daAuts
     D:3: 675 daAuts
